 Dungeon Crawl Stone Soup version 0.23.0-28-g6fe0f4dc8b (webtiles) character file.

Game seed: 11923449879142639540

88 Peloso the Covered (level 4, -2/41 HPs)
             Began as a Minotaur Fighter on Feb 26, 2019.
             Slain by Sigmund
             ... wielding a +0 scythe
              (5 damage)
             ... on level 2 of the Dungeon.
             The game lasted 00:01:46 (1139 turns).

Peloso the Covered (Minotaur Fighter)               Turns: 1139, Time: 00:01:47

Health: -2/41      AC:  7    Str: 25    XL:     4   Next: 29%
Magic:  3/3        EV:  8    Int:  5    God:
Gold:   86         SH: 10    Dex: 11    Spells: 3/3 levels left

rFire    . . .     SeeInvis .   a - +0 long sword
rCold    . . .     Gourm    .   c - +0 shield
rNeg     . . .     Faith    .   b - +0 scale mail
rPois    .         Spirit   .   (helmet restricted)
rElec    .         Reflect  .   (no cloak)
rCorr    .         Harm     .   (no gloves)
MR       .....                  (no boots)
Stlth    ..........             (no amulet)
HPRegen  0.13/turn              (no ring)
MPRegen  0.08/turn              (no ring)

@: mighty
A: retaliatory headbutt, horns 2
a: no special abilities


You were on level 2 of the Dungeon.
You were not hungry.

You visited 1 branch of the dungeon, and saw 2 of its levels.

You collected 86 gold pieces.

Inventory:

Hand Weapons
 a - a +0 long sword (weapon)
Armour
 b - a +0 scale mail (worn)
 c - a +0 shield (worn)
Jewellery
 m - a cursed -2 ring of protection {unknown}
Scrolls
 e - 3 scrolls of identify {unknown}
 g - a scroll of fear {unknown}
 h - a scroll of amnesia {unknown}
 i - 2 scrolls of enchant armour {unknown}
 k - a scroll of remove curse {unknown}
 l - 2 scrolls of fog {unknown}
Potions
 j - a potion of agility {unknown}
Comestibles
 f - 3 rations


   Skills:
 + Level 4.3 Fighting
 + Level 3.1 Long Blades
 + Level 4.6 Armour
 + Level 0.5 Dodging
 + Level 4.3 Shields


You had 3 spell levels left.
You didn't know any spells.
Your spell library was empty.

Dungeon Overview and Level Annotations

Branches:
Dungeon (2/15)

Altars:
Fedhas

Annotations:
D:2 Robin, Sigmund


Innate Abilities, Weirdness & Mutations

You reflexively headbutt those who attack you in melee.
You have a pair of horns on your head.


Message History

The hobgoblin hits you with a cursed +0 club.
You slash the hobgoblin!
You kill the hobgoblin!
You feel very mighty all of a sudden.
You barely miss the goblin. The goblin barely misses you.
You furiously retaliate!
You headbutt the goblin!
You kill the goblin!
You barely miss the hobgoblin.
The hobgoblin hits you but does no damage.
Something hits you!
* * * LOW HITPOINT WARNING * * *
You block the hobgoblin's attack.
You closely miss the hobgoblin. Your headbutt misses the hobgoblin.
Something hits you but does no damage. The hobgoblin closely misses you.
You slash the hobgoblin!
You kill the hobgoblin!
Something hits you.
* * * LOW HITPOINT WARNING * * *
Something hits you.
You die...

##### ....# ###.# ###.# ^...#
....# ...)###################
................@{g...#
...##################.#
#....... ..#.......#.#
######## #.#.#####.#g# .....#
#.#.#.#...#{###.#
####.######(#...(.....g)..#
...................>(.#.g....#
###.#######.......#####.######
#... ##.###### .#


You could see Robin.

Vanquished Creatures
  Jessica (D:2)
  Terence (D:2)
  2 worms (D:2)
  A dart slug (D:1)
  A giant cockroach (D:2)
  2 goblins
  5 hobgoblins
  2 jackals (D:2)
  7 kobolds
  3 bats
  5 rats (D:1)
30 creatures vanquished.

Notes
Turn   | Place    | Note
-------+----------+-------------------------------------------
     0 | D:1      | Peloso the Minotaur Fighter began the quest for the Orb.
     0 | D:1      | Reached XP level 1. HP: 19/19 MP: 0/0
   268 | D:1      | Reached XP level 2. HP: 27/27 MP: 1/1
   689 | D:2      | Noticed Terence
   698 | D:2      | Killed Terence
   698 | D:2      | Reached XP level 3. HP: 31/33 MP: 2/2
   948 | D:2      | Found a blossoming altar of Fedhas.
  1012 | D:2      | Noticed Jessica
  1019 | D:2      | Killed Jessica
  1019 | D:2      | Reached XP level 4. HP: 40/41 MP: 3/3
  1118 | D:2      | Noticed Sigmund
  1120 | D:2      | Noticed Robin
  1139 | D:2      | Slain by Sigmund

Skill      XL: |  1  2  3 |
---------------+----------+-----
Fighting       | 4 |  4.3
Armour         | 4 |  4.6
Shields        | 4 |  4.3
Long Blades    | 3 |  3.1
Dodging        | |  0.5

Action                   |  1- 3 |  4- 6 || total
-------------------------+-------+-------++-------
Melee: Long sword        |    51 |    12 ||    63
       Headbutt          |     7 |     1 ||     8
  Use: Potion            |       |     1 ||     1
  Eat: Chunk             |       |     1 ||     1
Armor: Scale mail        |    19 |     4 ||    23
Dodge: Dodged            |    13 |     3 ||    16
Block: Shield            |    25 |     5 ||    30
       Rpst.: Long sword |     6 |       ||     6
